AoeStats
← kenbar33

African Clearing

505086291Analyzed
4v4 RM · 24d ago on Sep 7, 2026· 26m 29s· 8 players
Game mode
Random Map
Map size
Large (8 player)
Population
200
Speed
Normal
Resources
Standard
Victory
Conquest
Starting age
Dark Age
Ending age
Imperial Age
RankedLock teamsTeams togetherTeam positionsShared explorationLock speedFull tech treeHidden civsTurbo modeCheats
Victory
Defeat
🇬🇧 Vietnamese · United Kingdom
1231
+15
🇸🇪 Mongols · Sweden
1205
+16
🇸🇪 Magyars · Sweden
1205
+16
🇹🇷 Cumans · Türkiye
1176
+17
🇲🇽 Huns · Mexico
1225
-17
🇨🇴 Mongols · Colombia
1201
-16
🇧🇷 Bulgarians · Brazil
1193
-16
🇬🇹 Magyars · Guatemala
1174
-15
NuMa | Reize
(JP) JR
5:35 Loom
13:04 Feudal Age
15:23 Bloodlines
15:41 Town Watch
17:00 Scale Barding Armor
17:21 Forging
kenbar33
12:06 Loom
14:40 Feudal Age
Bile
13:30 Feudal Age
15:19 Loom
19:19 Scale Mail Armor
22:28 Forging
23:11 Double-Bit Axe
23:10 Horse Collar
27:23 Castle Age
Murkeldjuret. ®
4:21 Loom
12:12 Feudal Age
16:16 Scale Barding Armor
16:22 Forging
22:58 Castle Age
25:01 Fletching
Murmeldjuret. ®
5:18 Loom
12:32 Feudal Age
21:30 Scale Barding Armor
27:25 Castle Age
26:42 Bloodlines
Dangerous Penguin
8:05 Loom
9:36 Loom
13:40 Feudal Age
15:01 Double-Bit Axe
17:56 Castle Age
16:36 Fletching
YILDIRIM
6:03 Loom
13:25 Feudal Age
18:23 Wheelbarrow
17:54 Horse Collar
23:58 Castle Age
22:44 Bloodlines
22:40 Scale Barding Armor
23:02 Double-Bit Axe
23:29 Forging
24:55 Gold Mining
27:05 Gold Shaft Mining
Connection lost

Rejoining the realm…

Still unreachable

The connection could not be restored.

Session expired

The server has moved on; the page needs a fresh start.